 Dungeon Sprint DCSS version 0.27.1-34-g3ba077fa99 (webtiles) character file.

Game seed: 14870051542644873464

1899 meatgazer the Fencer (level 8, 0/139 HPs)
             Began as a Minotaur Berserker on Feb 15, 2022.
             Was an Elder of Trog.
             Succumbed to a hornet's poison
             ... in the Dungeon (Sprint I: "Red Sonja").
             The game lasted 00:02:52 (1781 turns).

meatgazer the Fencer (Minotaur Berserker)           Turns: 1781, Time: 00:02:52

Health: 0/139      AC:  3    Str: 22    XL:     8   Next: 93%
Magic:  7/7        EV: 12    Int:  4    God:    Trog [****..]
Gold:   417        SH:  0    Dex: 12    Spells: 7/7 levels left

rFire    . . .     SeeInvis .   a - +1 falchion
rCold    . . .     Faith    .   (no shield)
rNeg     . . .     Spirit   .   i - +0 leather armour
rPois    .         Reflect  .   (helmet restricted)
rElec    .         Harm     .   (no cloak)
rCorr    .         Rampage  .   (no gloves)
Will     .....     NoTele   +   (no boots)
Stlth    ..........             (no amulet)
HPRegen  0.33/turn              (no ring)
MPRegen  0.10/turn              (no ring)

@: confused, berserking, lethally poisoned (0 -> -11), very quick
A: horns 2, retaliatory headbutt
a: Renounce Religion, Berserk, Trog's Hand, Brothers in Arms


You were in the Dungeon.
You worshipped Trog.
Trog was greatly pleased with you.
You visited 1 branch You collected 417 gold pieces.

Inventory:

Hand Weapons
 a - a +1 falchion (weapon)
 b - a +0 shortbow
Missiles
 d - 28 arrows
Armour
 i - a +0 leather armour (worn)
Scrolls
 h - a scroll of blinking
Potions
 c - a potion of curing
 e - a potion of haste
 f - 2 potions of magic
 g - a potion of berserk rage


   Skills:
 * Level 16.1 Fighting
 * Level 16.1 Long Blades
 + Level 0.0 Bows
 - Level 3.2 Armour
 - Level 3.0 Dodging


You had 7 spell levels left.
You didn't know any spells.
Your spell library was empty.

Dungeon Overview and Level Annotations

Branches:
Dungeon (1/1)

Altars:
Cheibriados
Dithmenos
Elyvilon
Fedhas
Gozag
Hepliaklqana
Kikubaaqudgha
Makhleb
Nemelex Xobeh
Okawaru
Qazlal
Ru
Sif Muna
Trog
Uskayaw
Vehumet
Wu Jian
Xom
Yredelemnul
Zin
The Shining One
Jiyva
Lugonu

Shops:
D :


Innate Abilities, Weirdness & Mutations

You have a pair of horns on your head.
You reflexively headbutt those who attack you in melee.


Message History

The deep troll claws you!
You closely miss the deep troll.
The hornet buzzes angrily.
You barely miss the deep troll.
The ballistomycete spore waves its rhizomes.
You hit the deep troll but do no damage.
You headbutt the deep troll.
The deep troll is lightly wounded.
The deep troll bites you but does no damage.
The deep troll claws you! The deep troll misses you.
You slash the deep troll!
The deep troll is moderately wounded.
You slice the deep troll!!
The deep troll is heavily wounded.
The deep troll bites you. The deep troll claws you.
* * * LOW HITPOINT WARNING * * *
The deep troll claws you!
* * * LOW HITPOINT WARNING * * *
You closely miss the deep troll. You headbutt the deep troll!
The deep troll is severely wounded.
You barely miss the deep troll.
The deep troll is severely wounded.
The hornet closely misses you.
You riposte.
You barely miss the hornet. Your headbutt misses the hornet.
The ballistomycete spore explodes!
The explosion of spores engulfs you!
You are confused.
* * * LOW HITPOINT WARNING * * *
The deep troll appears confused.
The explosion of spores engulfs the deep troll.
You closely miss the deep troll. Your headbutt misses the deep troll.
The deep troll is severely wounded.
The hornet stings you!
* * * LOW HITPOINT WARNING * * *
You are lethally poisoned!
You feel yourself slow down.
Unknown command.
You're too confused to move!
You feel yourself speed up.
You die...

#######################
#..)..#..'..#__#..')..#
[..#..').#..'^.'..#)..#
#####'#####'#__####...+
####..#...#)####§§#####
#__####..##.#§§§§§#.$#
#_____##'#_.§§§§@y§..#
#_.∩...'...§#§§T§§#..#
#_..__##_.#'##§#### #
#_____###'#.#§.)?
####### #.####'### .
... . ###


You could see a deep troll (confused) and a hornet.

Vanquished Creatures
  A centaur warrior (D)
  2 kobold demonologists (D)
  A slime creature (D)
  Sigmund (D)
  A yak (D)
  A floating eye (D)
  An ogre (D)
  A jelly (D)
  Ijyb (D)
10 creatures vanquished.

Vanquished Creatures (others)
  the Lernaean hydra (D)
  2 hornets (D)
  A ballistomycete spore (D)
4 creatures vanquished.

Grand Total: 14 creatures vanquished

Notes
Turn   | Place    | Note
-------+----------+-------------------------------------------
     0 | D        | meatgazer the Minotaur Berserker began the quest for the
                  | Orb.
     0 | D        | Reached XP level 1. HP: 19/19 MP: 0/0
     1 | D        | Noticed Ijyb
     8 | D        | Killed Ijyb
     9 | D        | Reached skill level 5 in Fighting
     9 | D        | Reached skill level 5 in Long Blades
     9 | D        | Reached XP level 2. HP: 29/29 MP: 1/1
   193 | D        | Noticed an ogre
   196 | D        | Killed an ogre
   197 | D        | Reached XP level 3. HP: 40/40 MP: 2/2
   197 | D        | Reached XP level 4. HP: 48/48 MP: 3/3
   352 | D        | Noticed Sigmund
   359 | D        | Killed Sigmund
   359 | D        | Reached ** piety under Trog
   360 | D        | Reached skill level 10 in Fighting
   360 | D        | Reached skill level 10 in Long Blades
   360 | D        | Reached XP level 5. HP: 59/59 MP: 4/4
   360 | D        | Reached XP level 6. HP: 67/67 MP: 5/5
   494 | D        | Found an ornate altar of the Wu Jian Council.
   494 | D        | Found a shimmering blue altar of Sif Muna.
   496 | D        | Found a radiant altar of Vehumet.
   548 | D        | Found Tiefrajo's Book Emporium.
   548 | D        | Found an ancient bone altar of Kikubaaqudgha.
   548 | D        | Found a hazy altar of Hepliaklqana.
   548 | D        | Found a stormy altar of Qazlal.
   548 | D        | Found a hide-covered altar of Uskayaw.
   548 | D        | Found a blossoming altar of Fedhas.
   548 | D        | Found a bloodstained altar of Trog.
   548 | D        | Found an iron altar of Okawaru.
   548 | D        | Found a basalt altar of Yredelemnul.
   548 | D        | Found a glowing golden altar of the Shining One.
   548 | D        | Found a snail-covered altar of Cheibriados.
   548 | D        | Found a sacrificial altar of Ru.
   548 | D        | Found a glowing silver altar of Zin.
   548 | D        | Found a shadowy altar of Dithmenos.
   548 | D        | Found a white marble altar of Elyvilon.
   548 | D        | Noticed a yak
   553 | D        | Killed a yak
   554 | D        | Found an opulent altar of Gozag.
   619 | D        | Found a sparkling altar of Nemelex Xobeh.
   633 | D        | Found a viscous altar of Jiyva.
   633 | D        | Found a corrupted altar of Lugonu.
   633 | D        | Noticed a slime creature
   634 | D        | Found a burning altar of Makhleb.
   634 | D        | Found a shimmering altar of Xom.
   642 | D        | Killed a slime creature
   642 | D        | Reached *** piety under Trog
   643 | D        | Reached XP level 7. HP: 57/79 MP: 6/6
   851 | D        | Noticed a kobold demonologist
   851 | D        | Noticed a kobold demonologist
   857 | D        | Noticed a hellwing
   865 | D        | Killed a kobold demonologist
   868 | D        | Noticed a rust devil
   869 | D        | Killed a kobold demonologist
   869 | D        | Reached **** piety under Trog
   870 | D        | Reached XP level 8. HP: 68/90 MP: 7/7
  1090 | D        | Noticed a centaur warrior
  1137 | D        | Killed a hornet
  1167 | D        | Killed the 27-headed Lernaean hydra
  1183 | D        | Killed a hornet
  1417 | D        | Noticed a centaur warrior
  1432 | D        | Killed a centaur warrior
  1768 | D        | Noticed a deep troll
  1770 | D        | Noticed a hornet
  1780 | D        | HP: 2/139 [hornet (11)]
  1781 | D        | Succumbed to a hornet's poison

Illustrated notes

Levels and vault maps discovered:
D:        dungeon_sprint_1 [red_sonja_temple_1, red_sonja_temple_small_1]

Skill      XL: |  1  2  3  4  5  6  7  8 |
---------------+-------------------------+-----
Fighting       | 5 8 10 13 14 16 | 16.1
Long Blades    | 5 8 10 13 14 16 | 16.1
Armour         | 3 |  3.2
Dodging        | 3 |  3.0

Action                   |  1- 3 |  4- 6 |  7- 9 || total
-------------------------+-------+-------+-------++-------
Melee: Falchion          |     8 |    19 |    28 ||    55
       Headbutt          |     2 |     5 |     6 ||    13
Invok: Berserk           |     2 |     3 |     3 ||     8
  Use: Potion            |       |     1 |     1 ||     2
       Scroll            |       |     1 |       ||     1
Armor: Leather armour    |       |       |     6 ||     6
Dodge: Dodged            |     1 |     5 |     5 ||    11
       Rpst.: Falchion   |     1 |     1 |     3 ||     5
